 Dungeon Crawl Stone Soup version 0.20.0 (webtiles) character file.

105 Blackhawk the Skirmisher (level 4, 0/36 HPs)
             Began as a Demonspawn Abyssal Knight on July 18, 2017.
             Was a Follower of Lugonu.
             Succumbed to an adder's poison
             ... on level 2 of the Dungeon.
             The game lasted 00:03:58 (1607 turns).

Blackhawk the Skirmisher (DsAK)                     Turns: 1607, Time: 00:03:59

Health: 0/36       AC:  3    Str: 14    XL:     4   Next: 53%
Magic:  5/5        EV: 11    Int: 13    God:    Lugonu [*.....]
Gold:   84         SH:  0    Dex: 12    Spells: 3/3 levels left

rFire    . . .     SeeInvis .   a - +1 hand axe
rCold    . . .     Gourm    .   (no shield)
rNeg     . . .     Faith    .   b - +0 leather armour
rPois    .         Spirit   .   (no helmet)
rElec    .         Reflect  .   (no cloak)
rCorr    .         Harm     .   (no gloves)
MR       .....                  (no boots)
Stlth    +.........             (no amulet)
Regen    0.2/turn               (no ring)
MPRegen  0.1/turn               (no ring)

@: lethally poisoned (0 -> -4)
A: claws 1, powered by death 1
a: Depart the Abyss, Renounce Religion


You were on level 2 of the Dungeon.
You worshipped Lugonu.
Lugonu was aware of your devotion.
You were not hungry.

You visited 1 branch of the dungeon, and saw 2 of its levels.
You visited the Abyss 1 time.

You collected 84 gold pieces.

Inventory:

Hand Weapons
 a - a +1 hand axe (weapon)
Missiles
 k - 3 javelins of penetration (quivered)
 m - 36 stones
Armour
 b - a +0 leather armour (worn)
 h - a cursed +0 chain mail
Jewellery
 j - a +1 ring of protection {unknown}
Wands
 n - a wand of flame (25/48)
Scrolls
 e - 2 scrolls of teleportation {unknown}
 f - a scroll of enchant armour {unknown}
 g - 2 scrolls of identify {unknown}
 i - 2 scrolls of magic mapping {unknown}
 o - a scroll of remove curse {unknown}
Potions
 d - a potion of mutation {unknown}
 l - a potion of might
Comestibles
 c - a bread ration
 p - 5 chunks of flesh


   Skills:
 - Level 3.6 Fighting
 + Level 3.6 Axes
 - Level 2.0 Armour
 - Level 0.8 Dodging
 - Level 2.6 Invocations


You had 3 spell levels left.
You didn't know any spells.

Dungeon Overview and Level Annotations

Branches:
Dungeon (2/15)

Altars:


Innate Abilities, Weirdness & Mutations

You have sharp fingernails.
You regenerate a little health from kills.


Message History

You slash the adder!
The adder is severely wounded.
The adder bites you.
* * * LOW HITPOINT WARNING * * *
The adder bites you.
* * * LOW HITPOINT WARNING * * *
You are lethally poisoned!
The adder poisons you!
You closely miss the adder.
The adder is severely wounded.
* * * LOW HITPOINT WARNING * * *
You feel sick. The adder bites you but does no damage.
You hit the adder.
The adder is almost dead.
The adder bites you.
* * * LOW HITPOINT WARNING * * *
The adder closely misses you.
You barely miss the adder.
The adder is almost dead.
You die...

##.###... ........ #......
###.....# #....:..###
##.###.. ##!#.......
#....... #....S..# #.......
#####....@..# ###.......
............# .........
####.......# #.....#
####'#.## #.....# #.#.#
####.....## #########'#.#
#........... ............#
#..........# ............#
#..........#
............#############.#


You could see an adder.

Vanquished Creatures
  Jessica (D:2)
  2 adders (D:2)
  2 oozes
  A worm (D:2)
  4 dart slugs
  A leopard gecko (D:1)
  9 bats
  2 giant cockroaches (D:2)
  2 goblins (D:1)
  4 hobgoblins
  4 jackals (D:1)
  2 frilled lizards (D:1)
  8 rats
42 creatures vanquished.

Notes
Turn   | Place    | Note
-------+----------+-------------------------------------------
     0 | Abyss:1  | Blackhawk the Demonspawn Abyssal Knight began the quest for the Orb.
     0 | Abyss:1  | Reached XP level 1. HP: 18/18 MP: 2/2
     0 | D:1      | Escaped the Abyss
    23 | D:1      | Gained mutation: You regenerate a little health from kills. [demonic ancestry]
    23 | D:1      | Reached XP level 2. HP: 20/24 MP: 3/3
    42 | D:1      | Reached * piety under Lugonu
   360 | D:1      | Gained mutation: You have sharp fingernails. [demonic ancestry]
   360 | D:1      | Reached XP level 3. HP: 29/29 MP: 4/4
  1263 | D:2      | Noticed Jessica
  1269 | D:2      | Killed Jessica
  1269 | D:2      | Reached XP level 4. HP: 11/36 MP: 5/5
  1606 | D:2      | HP: 1/36 [adder (3)]
  1607 | D:2      | Succumbed to an adder's poison

Skill      XL: |  1  2  3 |
---------------+----------+-----
Axes           | 2 3 |  3.6
Armour         | 2 |  2.0
Fighting       | |  3.6
Dodging        | |  0.8
Invocations    | |  2.6

Action                   |  1- 3 |  4- 6 || total
-------------------------+-------+-------++-------
Melee: Hand axe          |    99 |    45 ||   144
Invok: Depart the Abyss  |     1 |       ||     1
  Eat: Chunk             |     1 |     1 ||     2
Armor: Leather armour    |    39 |    22 ||    61
Dodge: Dodged            |    69 |    37 ||   106
